[ AOE2 MATCH · #468197318 ]
Team RMKhmer vs Spanish
[ REPLAY ANALYSIS · EXTRACTED FROM THE RECORDED GAME ]
Feudal
10:05
Castle
20:22
Imperial
28:39
| APM avg | 10.3 |
| APM peak | 40 |
| eAPM avg | 7.3 |
| Villagers / military | 90 / 124 |
Focus
⚔️ 38.6% · 🌾 61.4%
Scorpion ×100 · Scout Cavalry ×14 · Trebuchet (Packed) ×7 · Knight ×2 · Monk ×1
Feudal
11:26
Castle
22:43
Imperial
—
| APM avg | 8.2 |
| APM peak | 52 |
| eAPM avg | 5.7 |
| Villagers / military | 118 / 26 |
Focus
⚔️ 19.1% · 🌾 80.9%
War Elephant ×26
Feudal
9:58
Castle
20:58
Imperial
40:31
| APM avg | 9.3 |
| APM peak | 35 |
| eAPM avg | 6.8 |
| Villagers / military | 99 / 27 |
Focus
⚔️ 13.5% · 🌾 86.5%
Conquistador ×18 · Spearman ×8 · Monk ×1
Feudal
14:29
Castle
28:47
Imperial
46:22
| APM avg | 11.8 |
| APM peak | 65 |
| eAPM avg | 10.0 |
| Villagers / military | 117 / 146 |
Focus
⚔️ 30.9% · 🌾 69.1%
Spearman ×88 · Organ Gun ×58
Feudal
10:59
Castle
17:29
Imperial
36:59
| APM avg | 18.5 |
| APM peak | 136 |
| eAPM avg | 14.2 |
| Villagers / military | 98 / 427 |
Focus
⚔️ 58.8% · 🌾 41.2%
Scout Cavalry ×268 · Knight ×155 · Trade Cart ×18 · Spearman ×4
Feudal
15:18
Castle
31:29
Imperial
42:12
| APM avg | 15.3 |
| APM peak | 71 |
| eAPM avg | 11.7 |
| Villagers / military | 96 / 334 |
Focus
⚔️ 18.1% · 🌾 81.9%
Kamayuk ×334 · Trade Cart ×49
Feudal
12:40
Castle
22:57
Imperial
—
| APM avg | 5.3 |
| APM peak | 28 |
| eAPM avg | 4.4 |
| Villagers / military | 97 / 19 |
Focus
⚔️ 8.6% · 🌾 91.4%
Skirmisher ×10 · Trade Cart ×5 · Spearman ×5 · Fire Lancer ×4
Feudal
11:51
Castle
24:48
Imperial
44:51
| APM avg | 24.1 |
| APM peak | 108 |
| eAPM avg | 17.8 |
| Villagers / military | 97 / 415 |
Focus
⚔️ 41.0% · 🌾 59.0%
Rattan Archer ×196 · Spearman ×117 · Battering Ram ×55 · Skirmisher ×45 · Trebuchet (Packed) ×2
Match map
Resources at game start + every placement click. Thick line = wall · dashed box = detected house wall. 🟡 gold · ⚪ stone · 🟢 berries · 🔶 boar · ⭕ relic
Inputs per minute
— 07jriley - - rnesto188
Build order — 07jriley
First 150 of 321 actions detected
| 0:05 | Build | House |
| 0:07 | Create | Villager (Male) |
| 0:08 | Create | Villager (Male) |
| 0:08 | Create | Villager (Male) |
| 0:08 | Create | Villager (Male) |
| 0:08 | Create | Villager (Male) |
| 0:27 | Build | House |
| 0:59 | Build | House |
| 1:42 | Create | Villager (Male) |
| 2:25 | Create | Villager (Male) |
| 2:54 | Create | Villager (Male) |
| 3:21 | Create | Villager (Male) |
| 3:45 | Create | Villager (Male) |
| 3:51 | Build | Mill |
| 4:15 | Create | Villager (Male) |
| 4:37 | Create | Villager (Male) |
| 5:01 | Create | Villager (Male) |
| 5:02 | Create | Villager (Male) |
| 5:59 | Create | Villager (Male) |
| 5:59 | Create | Villager (Male) |
| 6:44 | Create | Villager (Male) |
| 7:04 | Build | Farm |
| 7:19 | Create | Villager (Male) |
| 7:26 | Build | House |
| 7:44 | Create | Villager (Male) |
| 7:50 | Build | House |
| 7:55 | Research | Feudal Age |
| 9:06 | Build | Lumber Camp |
| 9:47 | Create | Villager (Male) |
| 9:48 | Create | Villager (Male) |
| 9:48 | Create | Villager (Male) |
| 9:48 | Create | Villager (Male) |
| 10:05 | Age | Feudal Age |
| 10:19 | Build | Farm |
| 10:42 | Build | Farm |
| 10:45 | Create | Villager (Male) |
| 10:45 | Create | Villager (Male) |
| 11:12 | Build | Palisade Wall |
| 11:19 | Create | Villager (Male) |
| 11:19 | Create | Villager (Male) |
| 11:25 | Build | Palisade Gate |
| 11:31 | Create | Villager (Male) |
| 11:32 | Create | Villager (Male) |
| 11:44 | Research | Double-Bit Axe |
| 11:50 | Build | Farm |
| 12:01 | Build | House |
| 12:06 | Build | House |
| 12:16 | Build | Farm |
| 12:18 | Create | Villager (Male) |
| 12:43 | Build | Stable |
| 12:49 | Create | Villager (Male) |
| 13:06 | Build | Farm |
| 13:15 | Build | Farm |
| 13:30 | Build | Farm |
| 13:52 | Build | House |
| 13:55 | Create | Scout Cavalry |
| 13:56 | Create | Scout Cavalry |
| 13:57 | Create | Scout Cavalry |
| 13:57 | Create | Scout Cavalry |
| 13:57 | Create | Scout Cavalry |
| 13:58 | Create | Scout Cavalry |
| 14:08 | Build | Farm |
| 14:20 | Build | Mining Camp |
| 14:29 | Build | Farm |
| 14:54 | Build | Farm |
| 14:59 | Build | Farm |
| 15:17 | Build | Farm |
| 15:32 | Create | Villager (Male) |
| 15:34 | Create | Villager (Male) |
| 16:27 | Create | Villager (Male) |
| 16:57 | Build | Farm |
| 17:00 | Create | Villager (Male) |
| 17:40 | Build | Farm |
| 17:42 | Research | Castle Age |
| 17:58 | Build | Blacksmith |
| 18:02 | Research | Bloodlines |
| 18:28 | Build | House |
| 18:33 | Build | House |
| 18:52 | Research | Forging |
| 18:55 | Create | Scout Cavalry |
| 19:15 | Create | Villager (Male) |
| 19:15 | Create | Villager (Male) |
| 19:15 | Create | Villager (Male) |
| 19:46 | Build | House |
| 19:49 | Research | Scale Barding Armor |
| 20:22 | Age | Castle Age |
| 20:31 | Research | Light Cavalry (upgrade) |
| 20:37 | Build | Farm |
| 21:15 | Build | Farm |
| 21:19 | Create | Villager (Male) |
| 21:19 | Create | Villager (Male) |
| 21:26 | Build | Town Center |
| 22:18 | Build | Farm |
| 22:23 | Build | Farm |
| 22:30 | Build | Farm |
| 22:34 | Research | Wheelbarrow |
| 22:37 | Create | Villager (Male) |
| 22:37 | Create | Villager (Male) |
| 22:37 | Create | Villager (Male) |
| 22:37 | Create | Villager (Male) |
| 22:38 | Create | Villager (Male) |
| 23:07 | Create | Knight |
| 23:08 | Create | Knight |
| 23:21 | Research | Gold Mining |
| 23:31 | Research | Loom |
| 24:01 | Create | Villager (Male) |
| 24:03 | Create | Villager (Male) |
| 24:04 | Create | Villager (Male) |
| 24:04 | Create | Villager (Male) |
| 24:20 | Create | Villager (Male) |
| 24:49 | Build | Siege Workshop |
| 25:29 | Research | Imperial Age |
| 25:38 | Build | Siege Workshop |
| 25:41 | Create | Scorpion |
| 25:42 | Create | Scorpion |
| 25:46 | Create | Villager (Male) |
| 25:47 | Create | Villager (Male) |
| 25:47 | Create | Villager (Male) |
| 25:47 | Create | Villager (Male) |
| 26:18 | Research | Husbandry |
| 26:31 | Build | University |
| 26:39 | Build | Mining Camp |
| 26:41 | Create | Villager (Male) |
| 26:41 | Create | Villager (Male) |
| 26:42 | Create | Villager (Male) |
| 26:48 | Create | Scorpion |
| 26:48 | Create | Scorpion |
| 27:09 | Research | Stone Mining |
| 27:12 | Research | Gold Shaft Mining |
| 27:37 | Create | Villager (Male) |
| 27:37 | Create | Villager (Male) |
| 27:38 | Create | Villager (Male) |
| 27:53 | Build | Mining Camp |
| 27:58 | Build | House |
| 28:39 | Age | Imperial Age |
| 28:43 | Build | House |
| 28:45 | Research | Chemistry |
| 28:52 | Create | Villager (Male) |
| 28:52 | Create | Villager (Male) |
| 28:55 | Create | Villager (Male) |
| 28:55 | Create | Villager (Male) |
| 28:56 | Create | Villager (Male) |
| 28:56 | Create | Villager (Male) |
| 28:56 | Create | Villager (Male) |
| 29:17 | Build | House |
| 29:20 | Research | Fletching |
| 29:50 | Build | House |
| 29:55 | Research | Stone Shaft Mining |
| 29:58 | Create | Villager (Male) |
| 29:58 | Create | Villager (Male) |
Build order — rnesto188
First 150 of 240 actions detected
| 0:05 | Build | House |
| 0:06 | Build | House |
| 0:08 | Build | House |
| 0:09 | Build | House |
| 0:18 | Create | Villager (Male) |
| 0:19 | Create | Villager (Male) |
| 0:19 | Create | Villager (Male) |
| 0:19 | Create | Villager (Male) |
| 0:19 | Create | Villager (Male) |
| 0:20 | Research | Loom |
| 1:51 | Create | Villager (Male) |
| 1:51 | Create | Villager (Male) |
| 1:52 | Create | Villager (Male) |
| 2:16 | Create | Villager (Male) |
| 3:29 | Create | Villager (Male) |
| 3:30 | Create | Villager (Male) |
| 3:30 | Create | Villager (Male) |
| 3:39 | Build | Mill |
| 4:49 | Create | Villager (Male) |
| 4:49 | Create | Villager (Male) |
| 4:49 | Create | Villager (Male) |
| 4:50 | Create | Villager (Male) |
| 4:50 | Create | Villager (Male) |
| 5:51 | Create | Villager (Male) |
| 6:09 | Create | Villager (Male) |
| 6:10 | Create | Villager (Male) |
| 6:10 | Create | Villager (Male) |
| 6:20 | Build | Lumber Camp |
| 7:44 | Create | Villager (Male) |
| 8:11 | Build | House |
| 8:12 | Build | House |
| 8:14 | Build | House |
| 8:16 | Build | House |
| 8:27 | Build | Mill |
| 8:45 | Create | Villager (Male) |
| 9:23 | Research | Feudal Age |
| 9:42 | Build | Mining Camp |
| 10:00 | Create | Villager (Male) |
| 10:00 | Create | Villager (Male) |
| 10:43 | Build | Mining Camp |
| 10:53 | Create | Villager (Male) |
| 10:57 | Create | Villager (Male) |
| 11:26 | Age | Feudal Age |
| 11:48 | Research | Double-Bit Axe |
| 11:58 | Build | Farm |
| 12:02 | Build | Farm |
| 12:04 | Build | Farm |
| 12:09 | Build | Farm |
| 12:13 | Build | Farm |
| 12:16 | Build | Farm |
| 12:19 | Create | Villager (Male) |
| 12:19 | Create | Villager (Male) |
| 12:19 | Create | Villager (Male) |
| 13:10 | Create | Villager (Male) |
| 13:25 | Build | Market |
| 13:31 | Build | Blacksmith |
| 13:36 | Create | Villager (Male) |
| 14:17 | Create | Villager (Male) |
| 14:35 | Build | Farm |
| 14:42 | Research | Stone Mining |
| 14:58 | Create | Villager (Male) |
| 14:59 | Create | Villager (Male) |
| 15:00 | Create | Villager (Male) |
| 15:41 | Build | House |
| 15:42 | Build | House |
| 15:44 | Build | House |
| 15:55 | Build | Farm |
| 15:56 | Build | Farm |
| 16:10 | Build | Farm |
| 16:21 | Research | Fletching |
| 16:32 | Research | Horse Collar |
| 16:43 | Create | Villager (Male) |
| 17:01 | Create | Villager (Male) |
| 17:02 | Create | Villager (Male) |
| 17:11 | Build | Farm |
| 17:26 | Create | Villager (Male) |
| 17:31 | Create | Villager (Male) |
| 17:37 | Build | Farm |
| 17:53 | Research | Gold Mining |
| 17:59 | Build | Farm |
| 18:25 | Build | Farm |
| 18:37 | Research | Wheelbarrow |
| 18:48 | Build | Farm |
| 19:28 | Build | House |
| 19:30 | Build | House |
| 19:58 | Build | Barracks |
| 20:02 | Build | House |
| 20:05 | Build | House |
| 20:17 | Research | Castle Age |
| 20:21 | Research | Town Watch |
| 20:27 | Create | Villager (Male) |
| 21:18 | Build | House |
| 21:19 | Build | House |
| 21:21 | Build | House |
| 21:24 | Build | House |
| 21:29 | Build | House |
| 21:34 | Build | House |
| 22:15 | Build | House |
| 22:17 | Build | House |
| 22:23 | Build | House |
| 22:25 | Build | House |
| 22:35 | Build | House |
| 22:38 | Build | House |
| 22:43 | Age | Castle Age |
| 22:48 | Build | House |
| 22:50 | Build | House |
| 23:16 | Create | Villager (Male) |
| 23:20 | Create | Villager (Male) |
| 23:39 | Build | Castle |
| 23:51 | Create | Villager (Male) |
| 23:51 | Create | Villager (Male) |
| 23:51 | Create | Villager (Male) |
| 23:52 | Create | Villager (Male) |
| 24:00 | Research | Bow Saw |
| 24:18 | Build | Farm |
| 24:38 | Build | Castle |
| 24:50 | Create | Villager (Male) |
| 24:50 | Create | Villager (Male) |
| 25:03 | Research | Stone Shaft Mining |
| 25:04 | Research | Gold Shaft Mining |
| 25:13 | Research | Heavy Plow |
| 25:17 | Create | Villager (Male) |
| 25:18 | Create | Villager (Male) |
| 25:52 | Build | Mining Camp |
| 25:57 | Research | Bodkin Arrow |
| 26:04 | Create | Villager (Male) |
| 26:04 | Create | Villager (Male) |
| 26:04 | Create | Villager (Male) |
| 26:12 | Create | War Elephant |
| 26:12 | Create | War Elephant |
| 26:34 | Create | Villager (Male) |
| 26:34 | Create | Villager (Male) |
| 26:46 | Build | University |
| 27:02 | Build | Farm |
| 27:33 | Research | Forging |
| 27:35 | Research | Scale Barding Armor |
| 27:41 | Create | Villager (Male) |
| 27:41 | Create | Villager (Male) |
| 27:41 | Create | Villager (Male) |
| 27:55 | Build | Lumber Camp |
| 28:35 | Create | Villager (Male) |
| 28:36 | Create | Villager (Male) |
| 28:36 | Create | Villager (Male) |
| 28:36 | Create | Villager (Male) |
| 28:58 | Build | Castle |
| 30:43 | Create | Villager (Male) |
| 30:44 | Create | Villager (Male) |
| 30:44 | Create | Villager (Male) |
| 30:44 | Create | Villager (Male) |
| 30:44 | Create | Villager (Male) |
Build order — JohnGenn7
First 150 of 248 actions detected
| 0:04 | Build | House |
| 0:07 | Build | House |
| 0:09 | Create | Villager (Male) |
| 0:38 | Create | Villager (Male) |
| 1:11 | Create | Villager (Male) |
| 1:12 | Create | Villager (Male) |
| 1:44 | Create | Villager (Male) |
| 2:22 | Create | Villager (Male) |
| 2:58 | Create | Villager (Male) |
| 3:08 | Create | Villager (Male) |
| 3:24 | Build | House |
| 3:32 | Create | Villager (Male) |
| 3:56 | Create | Villager (Male) |
| 4:28 | Create | Villager (Male) |
| 4:57 | Create | Villager (Male) |
| 5:32 | Create | Villager (Male) |
| 5:45 | Build | Lumber Camp |
| 5:50 | Create | Villager (Male) |
| 6:00 | Build | House |
| 6:16 | Build | Mill |
| 6:20 | Create | Villager (Male) |
| 6:37 | Create | Villager (Male) |
| 7:10 | Create | Villager (Male) |
| 7:48 | Research | Feudal Age |
| 7:49 | Research | Loom |
| 8:00 | Build | House |
| 8:07 | Build | Lumber Camp |
| 9:13 | Create | Villager (Male) |
| 9:13 | Create | Villager (Male) |
| 9:36 | Build | Barracks |
| 9:58 | Age | Feudal Age |
| 9:58 | Research | Double-Bit Axe |
| 10:01 | Research | Horse Collar |
| 10:05 | Create | Villager (Male) |
| 10:15 | Build | House |
| 10:26 | Build | Market |
| 10:40 | Create | Villager (Male) |
| 10:50 | Build | Farm |
| 10:57 | Create | Villager (Male) |
| 11:23 | Build | Farm |
| 11:25 | Create | Villager (Male) |
| 11:34 | Build | Blacksmith |
| 11:39 | Build | House |
| 11:44 | Build | Farm |
| 11:56 | Create | Villager (Male) |
| 12:11 | Build | Farm |
| 12:13 | Create | Villager (Male) |
| 12:18 | Build | House |
| 12:29 | Create | Villager (Male) |
| 12:32 | Build | Farm |
| 12:43 | Create | Villager (Male) |
| 12:53 | Build | Farm |
| 12:57 | Build | Farm |
| 12:59 | Create | Villager (Male) |
| 13:10 | Create | Spearman |
| 13:13 | Create | Spearman |
| 13:24 | Build | Farm |
| 13:27 | Create | Villager (Male) |
| 13:32 | Build | Farm |
| 13:45 | Build | Farm |
| 14:07 | Create | Villager (Male) |
| 14:10 | Build | Farm |
| 14:13 | Create | Villager (Male) |
| 14:30 | Build | House |
| 14:40 | Build | Farm |
| 14:47 | Create | Villager (Male) |
| 15:03 | Build | Mining Camp |
| 15:08 | Create | Villager (Male) |
| 15:21 | Create | Villager (Male) |
| 15:32 | Create | Villager (Male) |
| 15:53 | Build | Farm |
| 16:09 | Build | Palisade Wall |
| 16:24 | Build | Palisade Wall |
| 16:27 | Build | Palisade Wall |
| 16:29 | Build | Palisade Wall |
| 16:34 | Create | Villager (Male) |
| 16:41 | Build | Farm |
| 16:53 | Build | House |
| 17:02 | Build | Archery Range |
| 17:06 | Build | Farm |
| 17:08 | Create | Villager (Male) |
| 17:20 | Build | House |
| 17:27 | Create | Villager (Male) |
| 17:32 | Build | Farm |
| 17:54 | Research | Castle Age |
| 18:07 | Build | Mining Camp |
| 18:30 | Research | Wheelbarrow |
| 18:53 | Build | Building 796 |
| 19:05 | Build | Building 804 |
| 19:23 | Research | Gold Mining |
| 19:28 | Research | Man-at-Arms (upgrade) |
| 19:47 | Research | Fletching |
| 19:48 | Research | Padded Archer Armor |
| 20:15 | Build | Farm |
| 20:16 | Build | Farm |
| 20:34 | Build | Barracks |
| 20:39 | Build | House |
| 20:50 | Build | Archery Range |
| 20:58 | Create | Spearman |
| 20:58 | Age | Castle Age |
| 21:14 | Create | Spearman |
| 22:08 | Create | Spearman |
| 22:16 | Create | Villager (Male) |
| 22:16 | Create | Villager (Male) |
| 23:08 | Create | Villager (Male) |
| 23:08 | Create | Villager (Male) |
| 23:08 | Create | Villager (Male) |
| 23:21 | Create | Villager (Male) |
| 23:39 | Create | Villager (Male) |
| 24:08 | Build | Town Center |
| 24:12 | Create | Villager (Male) |
| 24:12 | Create | Villager (Male) |
| 24:26 | Research | Pikeman (upgrade) |
| 24:37 | Create | Villager (Male) |
| 25:03 | Create | Villager (Male) |
| 25:14 | Build | Farm |
| 25:24 | Create | Spearman |
| 25:40 | Research | Bodkin Arrow |
| 25:44 | Create | Villager (Male) |
| 26:06 | Research | Bow Saw |
| 26:25 | Research | Heavy Plow |
| 26:29 | Create | Villager (Male) |
| 27:06 | Create | Villager (Male) |
| 27:06 | Create | Villager (Male) |
| 27:28 | Create | Villager (Male) |
| 27:29 | Create | Villager (Male) |
| 27:41 | Build | Lumber Camp |
| 27:43 | Create | Villager (Male) |
| 27:44 | Create | Villager (Male) |
| 28:03 | Build | Market |
| 28:16 | Create | Villager (Male) |
| 28:16 | Create | Villager (Male) |
| 28:18 | Create | Villager (Male) |
| 28:18 | Create | Villager (Male) |
| 28:30 | Build | Farm |
| 28:30 | Build | Farm |
| 28:31 | Build | Farm |
| 28:37 | Create | Villager (Male) |
| 28:58 | Create | Villager (Male) |
| 29:13 | Create | Spearman |
| 29:13 | Create | Spearman |
| 29:27 | Build | Farm |
| 29:27 | Create | Villager (Male) |
| 29:27 | Create | Villager (Male) |
| 29:27 | Create | Villager (Male) |
| 29:27 | Create | Villager (Male) |
| 29:34 | Build | Farm |
| 29:37 | Create | Villager (Male) |
| 30:14 | Build | Castle |
| 30:26 | Build | Farm |
Build order — jonymuros
First 150 of 370 actions detected
| 0:06 | Create | Villager (Male) |
| 0:06 | Create | Villager (Male) |
| 0:06 | Create | Villager (Male) |
| 0:07 | Create | Villager (Male) |
| 0:07 | Create | Villager (Male) |
| 0:17 | Build | House |
| 0:18 | Build | House |
| 0:38 | Research | Loom |
| 0:42 | Research | Loom |
| 0:42 | Create | Villager (Male) |
| 0:42 | Create | Villager (Male) |
| 0:43 | Create | Villager (Male) |
| 0:43 | Create | Villager (Male) |
| 2:02 | Create | Villager (Male) |
| 2:02 | Create | Villager (Male) |
| 2:31 | Build | Mill |
| 2:46 | Create | Villager (Male) |
| 3:05 | Create | Villager (Male) |
| 3:05 | Create | Villager (Male) |
| 3:45 | Create | Villager (Male) |
| 4:14 | Create | Villager (Male) |
| 4:14 | Create | Villager (Male) |
| 4:44 | Create | Villager (Male) |
| 4:44 | Create | Villager (Male) |
| 5:02 | Build | House |
| 5:02 | Build | House |
| 5:16 | Create | Villager (Male) |
| 5:17 | Create | Villager (Male) |
| 5:48 | Create | Villager (Male) |
| 5:48 | Create | Villager (Male) |
| 7:59 | Create | Villager (Male) |
| 7:59 | Create | Villager (Male) |
| 8:00 | Create | Villager (Male) |
| 8:13 | Build | Lumber Camp |
| 9:36 | Build | Lumber Camp |
| 12:19 | Research | Feudal Age |
| 13:00 | Build | House |
| 13:01 | Build | House |
| 13:10 | Build | Barracks |
| 14:29 | Age | Feudal Age |
| 14:56 | Research | Wheelbarrow |
| 15:00 | Research | Double-Bit Axe |
| 15:10 | Create | Villager (Male) |
| 15:10 | Create | Villager (Male) |
| 15:24 | Build | Market |
| 15:27 | Build | Blacksmith |
| 15:31 | Build | Farm |
| 15:33 | Build | Farm |
| 15:34 | Build | Farm |
| 15:35 | Build | Farm |
| 15:36 | Build | Farm |
| 15:37 | Build | Farm |
| 15:40 | Build | Farm |
| 15:42 | Build | Farm |
| 17:24 | Create | Villager (Male) |
| 17:44 | Create | Villager (Male) |
| 17:55 | Create | Villager (Male) |
| 18:13 | Create | Villager (Male) |
| 18:27 | Research | Town Watch |
| 18:28 | Create | Villager (Male) |
| 18:29 | Create | Villager (Male) |
| 18:39 | Build | Farm |
| 18:40 | Build | Farm |
| 18:42 | Build | Farm |
| 18:44 | Build | Farm |
| 19:25 | Build | Farm |
| 19:32 | Build | Farm |
| 19:43 | Create | Villager (Male) |
| 19:43 | Create | Villager (Male) |
| 19:43 | Create | Villager (Male) |
| 19:44 | Create | Villager (Male) |
| 19:44 | Create | Villager (Male) |
| 19:45 | Create | Villager (Male) |
| 19:57 | Build | Mining Camp |
| 20:12 | Build | House |
| 20:13 | Build | House |
| 20:14 | Build | House |
| 20:36 | Research | Gold Mining |
| 22:16 | Research | Fletching |
| 22:42 | Build | Mining Camp |
| 26:07 | Research | Castle Age |
| 26:41 | Research | Stone Mining |
| 27:04 | Research | Horse Collar |
| 28:47 | Age | Castle Age |
| 29:00 | Build | Castle |
| 29:07 | Research | Stone Shaft Mining |
| 29:10 | Research | Hand Cart |
| 29:14 | Research | Heavy Plow |
| 29:18 | Create | Villager (Male) |
| 29:18 | Create | Villager (Male) |
| 29:19 | Create | Villager (Male) |
| 30:47 | Create | Villager (Male) |
| 30:48 | Create | Villager (Male) |
| 30:48 | Create | Villager (Male) |
| 30:48 | Create | Villager (Male) |
| 30:49 | Create | Villager (Male) |
| 30:49 | Create | Villager (Male) |
| 30:49 | Create | Villager (Male) |
| 30:49 | Create | Villager (Male) |
| 30:50 | Create | Villager (Male) |
| 30:58 | Build | Farm |
| 32:40 | Research | Bow Saw |
| 33:06 | Create | Villager (Male) |
| 33:06 | Create | Villager (Male) |
| 33:07 | Create | Villager (Male) |
| 33:07 | Create | Villager (Male) |
| 33:07 | Create | Villager (Male) |
| 33:07 | Create | Villager (Male) |
| 33:08 | Create | Villager (Male) |
| 33:08 | Create | Villager (Male) |
| 33:08 | Create | Villager (Male) |
| 33:09 | Create | Villager (Male) |
| 33:09 | Create | Villager (Male) |
| 33:09 | Create | Villager (Male) |
| 33:56 | Build | Lumber Camp |
| 35:49 | Build | Lumber Camp |
| 36:11 | Build | Castle |
| 36:19 | Create | Villager (Male) |
| 36:19 | Create | Villager (Male) |
| 36:20 | Create | Villager (Male) |
| 36:20 | Create | Villager (Male) |
| 36:20 | Create | Villager (Male) |
| 36:21 | Create | Villager (Male) |
| 36:21 | Create | Villager (Male) |
| 36:21 | Create | Villager (Male) |
| 36:22 | Create | Villager (Male) |
| 36:22 | Create | Villager (Male) |
| 36:22 | Create | Villager (Male) |
| 36:23 | Create | Villager (Male) |
| 36:23 | Create | Villager (Male) |
| 36:23 | Create | Villager (Male) |
| 36:24 | Create | Villager (Male) |
| 36:24 | Create | Villager (Male) |
| 37:56 | Build | Farm |
| 38:35 | Build | Lumber Camp |
| 38:51 | Research | Town Patrol |
| 39:37 | Build | Town Center |
| 39:43 | Build | Town Center |
| 40:46 | Build | Mining Camp |
| 41:22 | Create | Villager (Male) |
| 41:22 | Create | Villager (Male) |
| 41:22 | Create | Villager (Male) |
| 41:22 | Create | Villager (Male) |
| 41:23 | Create | Villager (Male) |
| 41:23 | Create | Villager (Male) |
| 41:54 | Create | Villager (Male) |
| 41:55 | Create | Villager (Male) |
| 41:55 | Create | Villager (Male) |
| 41:55 | Create | Villager (Male) |
| 41:56 | Create | Villager (Male) |
Build order — EvenEdge
First 150 of 695 actions detected
| 0:05 | Build | House |
| 0:09 | Create | Villager (Male) |
| 0:10 | Create | Villager (Male) |
| 0:10 | Create | Villager (Male) |
| 0:12 | Build | House |
| 0:54 | Build | House |
| 0:55 | Build | House |
| 1:31 | Create | Villager (Male) |
| 1:31 | Create | Villager (Male) |
| 1:31 | Create | Villager (Male) |
| 1:31 | Create | Villager (Male) |
| 1:32 | Create | Villager (Male) |
| 1:52 | Build | Lumber Camp |
| 2:14 | Create | Villager (Male) |
| 2:14 | Create | Villager (Male) |
| 2:39 | Create | Villager (Male) |
| 3:50 | Create | Villager (Male) |
| 3:51 | Create | Villager (Male) |
| 4:50 | Create | Villager (Male) |
| 4:50 | Create | Villager (Male) |
| 5:47 | Create | Villager (Male) |
| 5:47 | Create | Villager (Male) |
| 5:48 | Create | Villager (Male) |
| 5:48 | Create | Villager (Male) |
| 6:16 | Build | Mill |
| 6:48 | Create | Villager (Male) |
| 7:39 | Create | Villager (Male) |
| 8:49 | Research | Feudal Age |
| 9:11 | Build | Mining Camp |
| 9:31 | Build | Mill |
| 10:05 | Create | Villager (Male) |
| 10:06 | Create | Villager (Male) |
| 10:06 | Create | Villager (Male) |
| 10:07 | Create | Villager (Male) |
| 10:59 | Age | Feudal Age |
| 11:08 | Build | Market |
| 11:12 | Build | Blacksmith |
| 12:14 | Research | Loom |
| 12:33 | Build | House |
| 12:34 | Build | House |
| 12:58 | Build | Farm |
| 13:06 | Build | Farm |
| 13:07 | Build | Farm |
| 13:11 | Build | Farm |
| 13:13 | Build | Farm |
| 13:16 | Build | Farm |
| 14:49 | Research | Castle Age |
| 15:13 | Build | Barracks |
| 15:27 | Build | Mining Camp |
| 15:33 | Create | Villager (Male) |
| 15:33 | Create | Villager (Male) |
| 15:34 | Create | Villager (Male) |
| 15:34 | Create | Villager (Male) |
| 16:29 | Build | Stable |
| 17:29 | Age | Castle Age |
| 17:33 | Create | Knight |
| 17:33 | Create | Knight |
| 17:38 | Create | Knight |
| 17:38 | Create | Knight |
| 17:39 | Create | Knight |
| 17:59 | Build | Town Center |
| 18:55 | Research | Double-Bit Axe |
| 19:28 | Create | Villager (Male) |
| 19:28 | Create | Villager (Male) |
| 19:47 | Build | Farm |
| 19:48 | Build | Farm |
| 19:49 | Build | Farm |
| 19:52 | Create | Villager (Male) |
| 19:52 | Create | Villager (Male) |
| 20:01 | Build | Farm |
| 20:13 | Create | Villager (Male) |
| 20:19 | Build | Farm |
| 20:24 | Build | Farm |
| 20:42 | Create | Villager (Male) |
| 20:49 | Build | Lumber Camp |
| 21:03 | Build | Farm |
| 22:49 | Create | Knight |
| 22:49 | Create | Knight |
| 22:49 | Create | Knight |
| 22:50 | Create | Knight |
| 22:50 | Create | Knight |
| 22:51 | Build | House |
| 22:54 | Build | House |
| 22:55 | Build | House |
| 22:57 | Build | House |
| 22:58 | Build | House |
| 24:15 | Create | Knight |
| 24:15 | Create | Knight |
| 24:57 | Create | Villager (Male) |
| 24:57 | Create | Villager (Male) |
| 24:57 | Create | Villager (Male) |
| 24:57 | Create | Villager (Male) |
| 24:58 | Create | Villager (Male) |
| 24:58 | Create | Villager (Male) |
| 24:58 | Create | Villager (Male) |
| 24:58 | Create | Villager (Male) |
| 24:59 | Create | Villager (Male) |
| 24:59 | Create | Villager (Male) |
| 24:59 | Create | Villager (Male) |
| 25:00 | Create | Villager (Male) |
| 25:07 | Build | Castle |
| 25:22 | Build | Town Center |
| 26:02 | Build | Farm |
| 26:03 | Build | Farm |
| 26:08 | Build | Farm |
| 26:10 | Build | Farm |
| 26:12 | Create | Villager (Male) |
| 26:13 | Create | Villager (Male) |
| 26:13 | Create | Villager (Male) |
| 26:13 | Create | Villager (Male) |
| 26:14 | Create | Villager (Male) |
| 26:22 | Build | Farm |
| 27:03 | Create | Knight |
| 27:03 | Create | Knight |
| 27:03 | Create | Knight |
| 27:04 | Create | Knight |
| 27:10 | Research | Forging |
| 27:15 | Research | Scale Barding Armor |
| 27:23 | Build | Farm |
| 27:25 | Build | Farm |
| 27:26 | Build | Farm |
| 27:27 | Build | Farm |
| 27:30 | Build | Farm |
| 28:41 | Create | Knight |
| 28:41 | Create | Knight |
| 28:42 | Create | Knight |
| 28:46 | Build | House |
| 28:46 | Build | House |
| 28:48 | Build | House |
| 30:49 | Create | Knight |
| 30:49 | Create | Knight |
| 30:49 | Create | Knight |
| 30:50 | Create | Knight |
| 30:50 | Create | Knight |
| 30:53 | Research | Husbandry |
| 30:59 | Create | Villager (Male) |
| 30:59 | Create | Villager (Male) |
| 31:00 | Create | Villager (Male) |
| 31:00 | Create | Villager (Male) |
| 31:00 | Create | Villager (Male) |
| 31:01 | Create | Villager (Male) |
| 31:01 | Create | Villager (Male) |
| 31:01 | Create | Villager (Male) |
| 31:01 | Create | Villager (Male) |
| 31:02 | Create | Villager (Male) |
| 31:02 | Create | Villager (Male) |
| 31:02 | Create | Villager (Male) |
| 31:02 | Create | Villager (Male) |
| 31:03 | Create | Villager (Male) |
| 31:03 | Create | Villager (Male) |
Build order — SABôôÔR ENERGETICO
First 150 of 374 actions detected
| 0:27 | Research | Loom |
| 0:27 | Create | Villager (Male) |
| 0:28 | Create | Villager (Male) |
| 0:28 | Create | Villager (Male) |
| 0:28 | Create | Villager (Male) |
| 0:28 | Create | Villager (Male) |
| 0:41 | Build | House |
| 1:25 | Build | Settlement |
| 2:07 | Build | House |
| 2:19 | Create | Villager (Male) |
| 2:40 | Build | House |
| 2:57 | Create | Villager (Male) |
| 3:24 | Create | Villager (Male) |
| 3:57 | Create | Villager (Male) |
| 4:20 | Create | Villager (Male) |
| 4:54 | Create | Villager (Male) |
| 4:54 | Create | Villager (Male) |
| 5:07 | Create | Villager (Male) |
| 5:37 | Create | Villager (Male) |
| 5:51 | Build | Outpost |
| 6:20 | Create | Villager (Male) |
| 6:21 | Create | Villager (Male) |
| 6:21 | Create | Villager (Male) |
| 6:21 | Create | Villager (Male) |
| 7:34 | Create | Villager (Male) |
| 7:34 | Create | Villager (Male) |
| 7:34 | Create | Villager (Male) |
| 7:34 | Create | Villager (Male) |
| 7:35 | Create | Villager (Male) |
| 7:35 | Create | Villager (Male) |
| 7:35 | Create | Villager (Male) |
| 8:25 | Build | Settlement |
| 8:44 | Build | Settlement |
| 9:44 | Build | Outpost |
| 10:27 | Build | Settlement |
| 10:38 | Create | Villager (Male) |
| 10:38 | Create | Villager (Male) |
| 10:39 | Create | Villager (Male) |
| 10:39 | Create | Villager (Male) |
| 10:39 | Create | Villager (Male) |
| 10:39 | Create | Villager (Male) |
| 10:40 | Create | Villager (Male) |
| 11:02 | Build | Outpost |
| 12:03 | Build | Settlement |
| 12:30 | Research | Feudal Age |
| 12:38 | Build | Outpost |
| 13:38 | Build | Settlement |
| 13:43 | Build | Farm |
| 13:45 | Build | Farm |
| 13:48 | Build | Farm |
| 14:08 | Build | Outpost |
| 14:56 | Build | Settlement |
| 15:07 | Build | Settlement |
| 15:18 | Age | Feudal Age |
| 15:20 | Build | Market |
| 15:22 | Build | Market |
| 15:31 | Research | Town Watch |
| 15:31 | Research | Wheelbarrow |
| 15:35 | Create | Villager (Male) |
| 15:35 | Create | Villager (Male) |
| 15:35 | Create | Villager (Male) |
| 16:46 | Build | Outpost |
| 17:37 | Build | Stone Wall |
| 17:43 | Build | Building 490 |
| 18:28 | Create | Villager (Male) |
| 18:29 | Create | Villager (Male) |
| 18:29 | Create | Villager (Male) |
| 18:29 | Create | Villager (Male) |
| 20:12 | Create | Villager (Male) |
| 20:12 | Create | Villager (Male) |
| 20:12 | Create | Villager (Male) |
| 20:13 | Create | Villager (Male) |
| 20:13 | Create | Villager (Male) |
| 20:13 | Create | Villager (Male) |
| 20:13 | Create | Villager (Male) |
| 20:14 | Create | Villager (Male) |
| 20:51 | Build | Farm |
| 21:17 | Build | Farm |
| 21:21 | Build | Farm |
| 21:24 | Build | Farm |
| 21:27 | Build | Farm |
| 21:32 | Build | Farm |
| 21:41 | Build | Watch Tower |
| 21:53 | Build | Watch Tower |
| 21:58 | Build | Farm |
| 22:16 | Build | Watch Tower |
| 22:31 | Build | Farm |
| 22:37 | Build | Watch Tower |
| 22:50 | Build | Farm |
| 23:05 | Create | Villager (Male) |
| 23:06 | Create | Villager (Male) |
| 23:06 | Create | Villager (Male) |
| 23:06 | Create | Villager (Male) |
| 23:07 | Create | Villager (Male) |
| 23:07 | Create | Villager (Male) |
| 23:07 | Create | Villager (Male) |
| 23:07 | Create | Villager (Male) |
| 23:22 | Build | Farm |
| 23:42 | Build | Farm |
| 24:08 | Build | Farm |
| 24:27 | Build | Farm |
| 25:16 | Build | Stone Wall |
| 25:19 | Build | Building 490 |
| 25:27 | Build | Farm |
| 25:31 | Build | Farm |
| 25:49 | Build | Farm |
| 26:07 | Build | Farm |
| 26:44 | Create | Villager (Male) |
| 26:44 | Create | Villager (Male) |
| 26:44 | Create | Villager (Male) |
| 26:44 | Create | Villager (Male) |
| 26:45 | Create | Villager (Male) |
| 26:56 | Build | Blacksmith |
| 27:00 | Build | Blacksmith |
| 27:51 | Research | Castle Age |
| 28:00 | Research | Stone Mining |
| 28:01 | Research | Gold Mining |
| 28:02 | Research | Double-Bit Axe |
| 28:02 | Research | Horse Collar |
| 28:14 | Build | Farm |
| 28:57 | Research | Scale Mail Armor |
| 28:57 | Research | Forging |
| 28:58 | Research | Fletching |
| 28:58 | Research | Padded Archer Armor |
| 29:37 | Create | Trade Cart |
| 29:37 | Create | Trade Cart |
| 29:37 | Create | Trade Cart |
| 29:38 | Create | Trade Cart |
| 29:38 | Create | Trade Cart |
| 29:38 | Create | Trade Cart |
| 29:38 | Create | Trade Cart |
| 29:39 | Create | Trade Cart |
| 29:39 | Create | Trade Cart |
| 29:39 | Create | Trade Cart |
| 29:39 | Create | Trade Cart |
| 29:40 | Create | Trade Cart |
| 29:40 | Create | Trade Cart |
| 29:40 | Create | Trade Cart |
| 29:41 | Create | Trade Cart |
| 31:29 | Age | Castle Age |
| 31:55 | Build | Castle |
| 32:02 | Create | Villager (Male) |
| 32:02 | Create | Villager (Male) |
| 32:03 | Create | Villager (Male) |
| 32:03 | Create | Villager (Male) |
| 32:03 | Create | Villager (Male) |
| 32:03 | Create | Villager (Male) |
| 32:06 | Research | Town Patrol |
| 32:07 | Research | Hand Cart |
| 32:10 | Research | Stone Shaft Mining |
Build order — JUST_CHILL
First 150 of 220 actions detected
| 0:03 | Create | Villager (Male) |
| 0:04 | Create | Villager (Male) |
| 0:04 | Create | Villager (Male) |
| 0:13 | Build | House |
| 0:17 | Build | House |
| 1:37 | Create | Villager (Male) |
| 1:54 | Create | Villager (Male) |
| 2:40 | Build | Lumber Camp |
| 2:45 | Create | Villager (Male) |
| 2:47 | Create | Villager (Male) |
| 3:25 | Create | Villager (Male) |
| 3:43 | Create | Villager (Male) |
| 4:21 | Create | Villager (Male) |
| 4:29 | Build | Mill |
| 5:07 | Create | Villager (Male) |
| 5:23 | Create | Villager (Male) |
| 5:40 | Build | House |
| 5:43 | Build | House |
| 6:03 | Create | Villager (Male) |
| 6:26 | Create | Villager (Male) |
| 6:45 | Build | Farm |
| 6:49 | Create | Villager (Male) |
| 7:16 | Build | Farm |
| 7:23 | Create | Villager (Male) |
| 7:36 | Build | Lumber Camp |
| 7:54 | Create | Villager (Male) |
| 8:16 | Create | Villager (Male) |
| 8:55 | Build | House |
| 9:01 | Build | House |
| 9:08 | Create | Villager (Male) |
| 9:38 | Create | Villager (Male) |
| 9:42 | Build | Mining Camp |
| 9:52 | Create | Villager (Male) |
| 10:30 | Research | Feudal Age |
| 10:31 | Research | Feudal Age |
| 10:59 | Research | Loom |
| 11:00 | Create | Villager (Male) |
| 11:01 | Create | Villager (Male) |
| 11:02 | Create | Villager (Male) |
| 12:40 | Age | Feudal Age |
| 12:53 | Build | Market |
| 13:06 | Build | Blacksmith |
| 13:33 | Create | Villager (Male) |
| 13:37 | Research | Double-Bit Axe |
| 13:40 | Research | Horse Collar |
| 13:49 | Build | Lumber Camp |
| 14:04 | Build | House |
| 14:06 | Build | House |
| 14:19 | Build | House |
| 14:37 | Build | Farm |
| 14:39 | Build | Farm |
| 14:40 | Build | Farm |
| 14:45 | Build | Farm |
| 14:47 | Build | Farm |
| 14:52 | Build | Farm |
| 15:00 | Create | Villager (Male) |
| 15:08 | Create | Villager (Male) |
| 15:29 | Build | Farm |
| 15:42 | Build | Barracks |
| 15:45 | Build | Barracks |
| 15:59 | Create | Villager (Male) |
| 16:17 | Build | House |
| 16:33 | Build | House |
| 16:35 | Build | House |
| 16:38 | Build | House |
| 16:42 | Build | House |
| 16:52 | Build | Farm |
| 16:55 | Build | Farm |
| 16:57 | Build | Farm |
| 17:00 | Build | Farm |
| 17:16 | Create | Villager (Male) |
| 17:18 | Create | Villager (Male) |
| 17:26 | Research | Padded Archer Armor |
| 17:27 | Research | Fletching |
| 17:47 | Build | Archery Range |
| 17:51 | Build | Archery Range |
| 18:07 | Create | Villager (Male) |
| 18:10 | Build | Farm |
| 18:26 | Create | Villager (Male) |
| 18:28 | Create | Villager (Male) |
| 19:35 | Build | House |
| 19:43 | Build | Farm |
| 19:52 | Create | Villager (Male) |
| 20:00 | Build | Mining Camp |
| 20:12 | Research | Castle Age |
| 22:08 | Create | Trade Cart ×5 |
| 22:57 | Age | Castle Age |
| 23:00 | Create | Villager (Male) |
| 23:00 | Create | Villager (Male) |
| 23:01 | Create | Villager (Male) |
| 23:14 | Build | Town Center |
| 24:06 | Build | Town Center |
| 24:28 | Create | Villager (Male) |
| 24:42 | Create | Villager (Male) |
| 24:43 | Create | Villager (Male) |
| 24:43 | Create | Villager (Male) |
| 24:44 | Create | Villager (Male) |
| 24:44 | Create | Villager (Male) |
| 24:58 | Create | Villager (Male) |
| 24:58 | Create | Villager (Male) |
| 25:02 | Research | Bow Saw |
| 25:05 | Research | Heavy Plow |
| 25:24 | Research | Elite Skirmisher (upgrade) |
| 25:26 | Create | Skirmisher ×5 |
| 25:27 | Create | Skirmisher ×5 |
| 25:38 | Build | House |
| 25:40 | Build | House |
| 25:42 | Build | House |
| 25:48 | Build | House |
| 26:04 | Build | House |
| 26:11 | Create | Villager (Male) |
| 26:11 | Create | Villager (Male) |
| 26:11 | Create | Villager (Male) |
| 26:17 | Create | Villager (Male) |
| 26:17 | Create | Villager (Male) |
| 26:18 | Create | Villager (Male) |
| 26:20 | Create | Villager (Male) |
| 26:21 | Create | Villager (Male) |
| 26:22 | Create | Villager (Male) |
| 26:22 | Create | Villager (Male) |
| 26:34 | Build | Farm |
| 26:34 | Build | Farm |
| 26:34 | Build | Farm |
| 26:35 | Build | Farm |
| 26:35 | Build | Farm |
| 26:35 | Build | Farm |
| 26:48 | Build | Farm |
| 26:56 | Research | Gold Mining |
| 26:56 | Research | Stone Mining |
| 27:11 | Create | Villager (Male) |
| 27:11 | Create | Villager (Male) |
| 27:12 | Create | Villager (Male) |
| 27:12 | Create | Villager (Male) |
| 27:41 | Research | Leather Archer Armor |
| 28:26 | Build | University |
| 28:42 | Create | Villager (Male) |
| 28:43 | Create | Villager (Male) |
| 28:53 | Create | Villager (Male) |
| 28:53 | Create | Villager (Male) |
| 28:54 | Create | Villager (Male) |
| 28:54 | Create | Villager (Male) |
| 28:54 | Create | Villager (Male) |
| 29:23 | Create | Villager (Male) |
| 29:29 | Build | Lumber Camp |
| 29:33 | Create | Villager (Male) |
| 29:33 | Create | Villager (Male) |
| 29:34 | Create | Villager (Male) |
| 29:41 | Build | House |
| 29:43 | Build | House |
| 29:46 | Build | House |
Build order — MALA FAMA
First 150 of 534 actions detected
| 0:04 | Create | Villager (Male) |
| 0:04 | Create | Villager (Male) |
| 0:04 | Create | Villager (Male) |
| 0:04 | Create | Villager (Male) |
| 0:05 | Create | Villager (Male) |
| 0:06 | Build | House |
| 0:09 | Build | House |
| 0:15 | Research | Loom |
| 0:41 | Build | House |
| 1:20 | Build | House |
| 2:04 | Create | Villager (Male) |
| 2:22 | Create | Villager (Male) |
| 2:23 | Create | Villager (Male) |
| 2:47 | Create | Villager (Male) |
| 3:16 | Create | Villager (Male) |
| 3:27 | Create | Villager (Male) |
| 3:47 | Build | Mill |
| 4:01 | Create | Villager (Male) |
| 4:02 | Create | Villager (Male) |
| 4:02 | Create | Villager (Male) |
| 5:06 | Create | Villager (Male) |
| 5:07 | Create | Villager (Male) |
| 5:07 | Create | Villager (Male) |
| 5:40 | Build | Lumber Camp |
| 5:46 | Create | Villager (Male) |
| 5:46 | Create | Villager (Male) |
| 6:34 | Create | Villager (Male) |
| 6:35 | Create | Villager (Male) |
| 6:36 | Create | Villager (Male) |
| 7:53 | Create | Villager (Male) |
| 8:07 | Build | House |
| 8:09 | Build | House |
| 9:08 | Build | House |
| 9:12 | Build | House |
| 9:16 | Build | House |
| 9:41 | Research | Feudal Age |
| 10:18 | Build | Barracks |
| 11:27 | Build | Mining Camp |
| 11:51 | Age | Feudal Age |
| 11:52 | Build | Farm |
| 11:53 | Build | Farm |
| 11:53 | Build | Farm |
| 11:53 | Build | Farm |
| 11:54 | Build | Farm |
| 11:54 | Build | Farm |
| 11:54 | Build | Farm |
| 11:55 | Build | Farm |
| 11:55 | Build | Farm |
| 11:55 | Build | Farm |
| 11:55 | Build | Farm |
| 11:55 | Build | Farm |
| 12:00 | Create | Villager (Male) |
| 12:01 | Create | Villager (Male) |
| 12:01 | Create | Villager (Male) |
| 12:01 | Create | Villager (Male) |
| 12:02 | Create | Villager (Male) |
| 12:02 | Create | Villager (Male) |
| 12:02 | Create | Villager (Male) |
| 12:08 | Research | Double-Bit Axe |
| 12:44 | Build | Farm |
| 12:44 | Build | Farm |
| 12:46 | Build | Farm |
| 13:27 | Research | Horse Collar |
| 13:41 | Create | Villager (Male) |
| 13:50 | Build | Blacksmith |
| 14:01 | Create | Spearman |
| 14:09 | Create | Spearman |
| 14:25 | Build | House |
| 14:26 | Build | House |
| 14:47 | Build | Archery Range |
| 15:07 | Build | Farm |
| 15:10 | Create | Villager (Male) |
| 15:10 | Create | Villager (Male) |
| 15:14 | Research | Wheelbarrow |
| 15:33 | Build | Market |
| 15:44 | Build | Farm |
| 15:50 | Create | Villager (Male) |
| 15:51 | Create | Villager (Male) |
| 15:53 | Create | Villager (Male) |
| 16:21 | Build | Lumber Camp |
| 16:27 | Build | Farm |
| 16:37 | Create | Spearman |
| 17:20 | Build | Farm |
| 17:21 | Build | Farm |
| 17:21 | Build | Farm |
| 17:29 | Build | House |
| 17:53 | Create | Skirmisher |
| 17:53 | Create | Skirmisher |
| 17:54 | Create | Skirmisher |
| 17:54 | Create | Skirmisher |
| 17:54 | Create | Skirmisher |
| 17:58 | Create | Villager (Male) |
| 17:58 | Create | Villager (Male) |
| 17:58 | Create | Villager (Male) |
| 17:59 | Create | Villager (Male) |
| 17:59 | Create | Villager (Male) |
| 17:59 | Create | Villager (Male) |
| 18:00 | Create | Villager (Male) |
| 18:08 | Research | Gold Mining |
| 18:15 | Build | Farm |
| 18:16 | Build | Farm |
| 18:16 | Build | Farm |
| 18:16 | Build | Farm |
| 18:16 | Build | Farm |
| 18:17 | Build | Farm |
| 18:31 | Create | Skirmisher |
| 18:32 | Create | Skirmisher |
| 18:55 | Build | Lumber Camp |
| 19:08 | Research | Stone Mining |
| 19:17 | Build | Farm |
| 19:17 | Build | Farm |
| 19:17 | Build | Farm |
| 19:18 | Build | Farm |
| 19:22 | Build | Farm |
| 19:24 | Build | Farm |
| 19:42 | Create | Skirmisher |
| 20:07 | Research | Padded Archer Armor |
| 20:08 | Research | Fletching |
| 20:18 | Create | Skirmisher |
| 20:34 | Research | Town Watch |
| 20:40 | Build | Farm |
| 20:40 | Build | Farm |
| 20:40 | Build | Farm |
| 20:40 | Build | Farm |
| 20:47 | Create | Villager (Male) |
| 20:47 | Create | Villager (Male) |
| 20:48 | Create | Villager (Male) |
| 20:48 | Create | Villager (Male) |
| 20:48 | Create | Villager (Male) |
| 21:47 | Research | Castle Age |
| 22:07 | Create | Skirmisher |
| 22:07 | Create | Skirmisher |
| 22:07 | Create | Skirmisher |
| 22:16 | Create | Spearman |
| 22:16 | Create | Spearman |
| 22:16 | Create | Spearman |
| 22:18 | Create | Spearman |
| 22:18 | Create | Spearman |
| 22:18 | Create | Spearman |
| 22:19 | Create | Spearman |
| 22:41 | Build | Archery Range |
| 22:53 | Build | House |
| 23:00 | Build | Mining Camp |
| 23:27 | Create | Skirmisher |
| 23:28 | Create | Skirmisher |
| 23:30 | Create | Skirmisher |
| 23:31 | Create | Skirmisher |
| 23:33 | Create | Spearman |
| 23:34 | Create | Spearman |
| 23:51 | Create | Skirmisher |
Match timeline
| 9:36 | JohnGenn7 · first_building Barracks |
| 9:58 | JohnGenn7 · age_up feudal |
| 10:05 | 07jriley · age_up feudal |
| 10:18 | MALA FAMA · first_building Barracks |
| 10:59 | EvenEdge · age_up feudal |
| 11:12 | 07jriley · wall_segment Palisade Wall x19 |
| 11:26 | rnesto188 · age_up feudal |
| 11:51 | MALA FAMA · age_up feudal |
| 12:40 | JUST_CHILL · age_up feudal |
| 12:43 | 07jriley · first_building Stable |
| 13:10 | jonymuros · first_building Barracks |
| 14:29 | jonymuros · age_up feudal |
| 14:47 | MALA FAMA · first_building Archery Range |
| 15:13 | EvenEdge · first_building Barracks |
| 15:18 | SABôôÔR ENERGETICO · age_up feudal |
| 15:42 | JUST_CHILL · first_building Barracks |
| 16:09 | JohnGenn7 · wall_segment Palisade Wall x7 |
| 16:24 | JohnGenn7 · wall_segment Palisade Wall x11 |
| 16:27 | JohnGenn7 · wall_segment Palisade Wall x3 |
| 16:29 | JohnGenn7 · wall_segment Palisade Wall x4 |
| 16:29 | EvenEdge · first_building Stable |
| 17:02 | JohnGenn7 · first_building Archery Range |
| 17:29 | EvenEdge · age_up castle |
| 17:37 | SABôôÔR ENERGETICO · wall_segment Stone Wall x27 |
| 17:44 | JohnGenn7 · first_market_sell 100 stone |
| 17:47 | JUST_CHILL · first_building Archery Range |
| 17:50 | JohnGenn7 · first_market_buy 100 food |
| 18:14 | rnesto188 · first_market_buy 100 food |
| 19:58 | rnesto188 · first_building Barracks |
| 20:22 | 07jriley · age_up castle |
| 20:58 | JohnGenn7 · age_up castle |
| 21:10 | MALA FAMA · first_market_buy 100 food |
| 22:43 | rnesto188 · age_up castle |
| 22:57 | JUST_CHILL · age_up castle |
| 23:39 | rnesto188 · first_building Castle |
| 24:48 | MALA FAMA · age_up castle |
| 24:49 | 07jriley · first_building Siege Workshop |
| 25:07 | EvenEdge · first_building Castle |
| 25:16 | SABôôÔR ENERGETICO · wall_segment Stone Wall x20 |
| 28:39 | 07jriley · age_up imperial |
| 28:47 | jonymuros · age_up castle |
| 29:00 | jonymuros · first_building Castle |
| 30:00 | MALA FAMA · first_building Castle |
| 30:14 | JohnGenn7 · first_building Castle |
| 30:28 | 07jriley · first_building Castle |
| 30:41 | MALA FAMA · wall_segment Stone Wall x12 |
| 30:45 | MALA FAMA · wall_segment Stone Wall x11 |
| 31:29 | SABôôÔR ENERGETICO · age_up castle |
| 31:31 | MALA FAMA · first_building Monastery |
| 31:46 | MALA FAMA · wall_segment Stone Wall x23 |
| 31:55 | SABôôÔR ENERGETICO · first_building Castle |
| 32:13 | JohnGenn7 · first_building Monastery |
| 34:40 | JohnGenn7 · wall_segment Stone Wall x13 |
| 36:21 | 07jriley · first_building Monastery |
| 36:59 | EvenEdge · age_up imperial |
| 37:16 | MALA FAMA · first_building Siege Workshop |
| 38:19 | JUST_CHILL · resign |
| 39:16 | JohnGenn7 · first_building Siege Workshop |
| 40:31 | JohnGenn7 · age_up imperial |
| 42:12 | SABôôÔR ENERGETICO · age_up imperial |
| 44:51 | MALA FAMA · age_up imperial |
| 45:11 | 07jriley · first_market_sell 100 wood |
| 46:22 | jonymuros · age_up imperial |
| 47:34 | jonymuros · first_building Monastery |
| 47:54 | EvenEdge · first_building Archery Range |
| 48:53 | MALA FAMA · first_market_sell 100 wood |
| 52:59 | jonymuros · first_market_sell 100 food |
| 59:14 | SABôôÔR ENERGETICO · first_market_buy 500 wood |
| 63:28 | jonymuros · first_market_buy 100 wood |
| 70:20 | EvenEdge · first_market_buy 100 food |
| 70:23 | EvenEdge · first_market_sell 100 wood |
[ AI ANALYSIS · 1 CREDIT ]
What really happened in this match?
Wolo.gg analyzes every decision: build order, eco, micro, common mistakes by bracket. Personalized analysis on WhatsApp or Discord in 30 seconds.
Civ guide
Khmer
Map guide
Arabia
Perfil
07jriley